 Dungeon Crawl Stone Soup version 0.21-a0-258-g4c0eb85 (webtiles) character file.

3591 Sharky the Grappler (level 9, 0/88 HPs)
             Began as a Troll Monk on Sept 6, 2017.
             Was an Elder of Okawaru.
             Engulfed by a steam dragon's steam (7 damage)
             ... on level 9 of the Dungeon.
             The game lasted 00:11:39 (6871 turns).

Sharky the Grappler (Troll Monk)                    Turns: 6871, Time: 00:11:40

Health: 0/88       AC:  6    Str: 24    XL:     9   Next: 85%
Magic:  9/11       EV: 20    Int:  6    God:    Okawaru [****..]
Gold:   323        SH: 12    Dex: 17    Spells: 8/8 levels left

rFire    . . .     SeeInvis .     - Unarmed
rCold    . . .     Gourm    +   v - +0 shield
rNeg     . . .     Faith    .   a - +0 robe
rPois    .         Spirit   .   j - +1 hat
rElec    .         Reflect  .   (no cloak)
rCorr    .         Harm     .   (gloves unavailable)
MR       .....                  (boots unavailable)
Stlth    ++++......             (no amulet)
HPRegen  0.64/turn              (no ring)
MPRegen  0.12/turn              (no ring)

@: agile, heroism
A: unfitting armour, claws 3, fast metabolism 3, gourmand, regeneration 1,
shaggy fur 1, tough skin 2
a: Heroism, Renounce Religion


You were on level 9 of the Dungeon.
You worshipped Okawaru.
Okawaru was greatly pleased with you.
You were full.

You visited 1 branch of the dungeon, and saw 8 of its levels.
You also visited: Sewer.

You collected 386 gold pieces.
You spent 63 gold pieces at shops.

Inventory:

Hand Weapons
 m - a +1 hunting sling of freezing
Missiles
 e - 290 stones (quivered)
 o - 81 sling bullets
 q - 2 throwing nets
Armour
 a - a +0 robe (worn)
 j - a +1 hat (worn)
 p - a +0 robe
 v - a +0 shield (worn)
Wands
 k - a wand of random effects (33/48)
Scrolls
 c - a scroll of amnesia {unknown}
 d - 5 scrolls of teleportation {unknown}
 g - 6 scrolls of remove curse {unknown}
 i - a scroll of torment {unknown}
 x - 2 scrolls of enchant weapon {unknown}
 y - a scroll of immolation
 z - 3 scrolls of fog {unknown}
Potions
 h - 2 potions of flight
 n - 2 potions of brilliance
 r - 3 potions of cancellation
 s - a potion of haste
 t - a potion of agility
Books
 A - a book of Cantrips

   Spells                             Type                      Level
   a - Confusing Touch                Hexes                        1
   b - Animate Skeleton               Necromancy                   1
   c - Summon Small Mammal            Summoning                    1
   d - Apportation                    Translocation                1
Miscellaneous
 w - a box of beasts
Comestibles
 b - 10 bread rations
 f - 5 royal jellies
 l - 2 meat rations
 u - 3 fruits


   Skills:
 - Level 5.2(10.2) Fighting
 - Level 2.4(7.4) Dodging
 - Level 1.0(6.0) Stealth
 + Level 4.7(9.7) Shields
 + Level 10.4(15.4) Unarmed Combat
 + Level 5.3 Invocations


You had 8 spell levels left.
You didn't know any spells.

Dungeon Overview and Level Annotations

Branches:
Dungeon (7/15)             Temple (0/1) D:7

Altars:
Fedhas
Okawaru
Qazlal
Uskayaw
Yredelemnul
The Shining One

Shops:
D:5 [


Innate Abilities, Weirdness & Mutations

You are too large for most types of armour.
You have claws for hands.
Your metabolism is lightning-fast.
You like to eat raw meat.
Your natural rate of healing is unusually fast.
You are covered in fur. (AC +1)
You have very tough skin. (AC +2)


Message History

The steam dragon is lightly wounded.
The steam dragon bites you!
* * * LOW HITPOINT WARNING * * *
You block the steam dragon's attack.
You scratch the steam dragon but do no damage.
The steam dragon is lightly wounded.
The steam dragon barely misses you. You block the steam dragon's attack.
Unknown command.
Okay, then.
Unknown command.
You feel agile all of a sudden. The steam dragon breathes steam at you.
The ball of steam hits you!
* * * LOW HITPOINT WARNING * * *
Unknown command.
Okay, then.
Unknown command.
Unknown command.
You are engulfed in a cloud of scalding steam.
You die...

#.###§#..#######.#.##D#.
#.#..# #.#.##.#.
#.###§#..#######.#.##.#.
#...§...................
#.###§#..#....##.#Z>S...
#§#Z........D.###.#.
#.#D#####.#.### #.#.
#.#§# ## #.# #$#. ..#@#
. #.# #(#. ......?§# #
#.#D# #)#.
#.##..#####.#.#.## #)#.
..... .........####.#.
#.#.... ....#.#.....((..
# #.# .............(##
#. ................ #
......####...)##
....#...........


You could see a steam dragon.

Vanquished Creatures
  A two-headed ogre (D:9)
  Sigmund (D:6)
  Edmund (D:6)
  Menkaure (D:6)
  A phantom (D:6)
  An ice beast (D:5)
  A sky beast (D:6)
  5 centaurs
  An ogre (D:4)
  A big kobold (D:7)
  The ghost of namelastname112 the Insei, an amateur TeMo (D:3)
  8 bullfrogs
  3 howler monkeys (D:9)
  A crimson imp (D:6)
  A jelly (D:9)
  3 hounds
  A bullfrog skeleton (D:5)
  3 orc priests
  5 orc wizards
  3 iguanas
  5 worker ants
  2 ogre zombies (D:9)
  A hound zombie (D:5)
  A hound skeleton (D:6)
  4 gnolls
  13 adders
  A shadow imp (D:5)
  2 oozes
  An adder skeleton (D:7)
  4 dart slugs
  11 leopard geckos
  20 orcs
  4 ball pythons
  11 bats
  12 giant cockroaches
  10 goblins
  9 hobgoblins
  2 jackals (D:5)
  6 quokkas
  9 frilled lizards
  2 hobgoblin zombies (D:9)
  14 kobolds
  A leopard gecko skeleton (D:7)
  A leopard gecko zombie (D:5)
  4 orc zombies (D:9)
  A quokka skeleton (D:5)
  5 rats
199 creatures vanquished.

Notes
Turn   | Place    | Note
-------+----------+-------------------------------------------
     0 | D:1      | Sharky the Troll Monk began the quest for the Orb.
     0 | D:1      | Reached XP level 1. HP: 22/22 MP: 0/0
   155 | D:1      | Reached XP level 2. HP: 29/29 MP: 1/1
   712 | D:1      | Found a glowing golden altar of the Shining One.
   893 | D:1      | Reached XP level 3. HP: 36/36 MP: 2/2
  1093 | D:2      | Reached skill level 4 in Unarmed Combat
  1503 | D:2      | Reached XP level 4. HP: 44/45 MP: 3/3
  2089 | D:3      | Found a stormy altar of Qazlal.
  2398 | D:3      | Reached skill level 5 in Unarmed Combat
  2398 | D:3      | Reached XP level 5. HP: 52/53 MP: 4/4
  2625 | D:3      | Found a hide-covered altar of Uskayaw.
  2673 | D:3      | Noticed namelastname112's ghost (amateur TeMo)
  2684 | D:3      | Killed namelastname112's ghost
  2684 | D:3      | Reached skill level 6 in Unarmed Combat
  2684 | D:3      | Reached XP level 6. HP: 47/62 MP: 5/5
  3142 | D:4      | Found a glowing drain.
  3158 | Sewer    | Entered a sewer
  3395 | Sewer    | Reached XP level 7. HP: 38/71 MP: 6/6
  3531 | D:4      | Reached skill level 7 in Unarmed Combat
  3659 | D:4      | Found a blossoming altar of Fedhas.
  3860 | D:5      | Entered Level 5 of the Dungeon
  4072 | D:5      | Reached skill level 5 in Fighting
  4246 | D:5      | Reached skill level 8 in Unarmed Combat
  4263 | D:5      | Found Ravipp's Armour Shoppe.
  4277 | D:5      | Bought a +0 shield for 63 gold pieces
  4432 | D:5      | Reached XP level 8. HP: 29/80 MP: 7/7
  4755 | D:5      | Found an iron altar of Okawaru.
  4840 | D:5      | Became a worshipper of Warmaster Okawaru
  4840 | D:5      | Reached * piety under Okawaru
  4840 | D:5      | Reached ** piety under Okawaru
  5330 | D:6      | Reached skill level 1 in Shields
  5330 | D:6      | Reached skill level 1 in Invocations
  5478 | D:6      | Reached skill level 9 in Unarmed Combat
  5662 | D:6      | Found a basalt altar of Yredelemnul.
  5723 | D:6      | Noticed Edmund
  5737 | D:6      | Killed Edmund
  5891 | D:6      | Reached *** piety under Okawaru
  5916 | D:6      | Noticed Sigmund
  5924 | D:6      | Killed Sigmund
  6100 | D:6      | Noticed Menkaure
  6107 | D:6      | Killed Menkaure
  6107 | D:6      | Reached XP level 9. HP: 77/88 MP: 7/10
  6438 | D:7      | Found a staircase to the Ecumenical Temple.
  6589 | D:7      | You fall through a shaft for 2 floors!
  6726 | D:9      | Reached skill level 10 in Unarmed Combat
  6796 | D:9      | Noticed a two-headed ogre
  6807 | D:9      | Killed a two-headed ogre
  6807 | D:9      | Reached **** piety under Okawaru
  6807 | D:9      | Reached skill level 5 in Invocations
  6871 | D:9      | Engulfed by a steam dragon's steam

Vault maps used:
D:1:      onia_arrival_mini_spirals, tso_altar
D:3:      lemuel_doored_altar, nicolae_qazlal_general_emergency
D:4:      lemuel_crystal_altar, gup_sewer_entry_glass, first_bread
D:5:      kennysheep_mini_moat, serial_shops, shop
D:6:      marbit_many_paths, uniq_menkaure, uniq_edmund, uniq_sigmund
D:7:      grunt_temple_overflow_octagram, minmay_temple_entry_nine_rooms,
          kennysheep_windowed_goal
D:9:      zombieorc2_lemuel
Sewer:    sewer_frog_island_01

Skill      XL: |  1  2  3  4  5  6  7  8  9 |
---------------+----------------------------+-----
Unarmed Combat | 4 5 6 8 9 10 | 10.4
Fighting       | 3 4 5 |  5.2
Shields        | 2 4 |  4.7
Invocations    | 3 5 |  5.3
Dodging        | |  2.4
Stealth        | |  1.0

Action                   |  1- 3 |  4- 6 |  7- 9 || total
-------------------------+-------+-------+-------++-------
Melee: Unarmed           |    81 |   154 |   304 ||   539
       Punch             |     1 |     4 |       ||     5
 Fire: Hunting sling     |     4 |    12 |       ||    16
Invok: Heroism           |       |       |     5 ||     5
  Use: Scroll            |       |     2 |     5 ||     7
       Potion            |       |       |     1 ||     1
 Stab: Sleeping          |     4 |     1 |     2 ||     7
       Distracted        |       |     1 |       ||     1
  Eat: Chunk             |    19 |    16 |    31 ||    66
Armor: Robe              |    38 |    49 |    75 ||   162
Dodge: Dodged            |    40 |    83 |    97 ||   220
Block: Shield            |       |       |    83 ||    83

Table legend:
 A = Spawn XP
 B = Non-spawn XP
 C = Spawn XP percentage of total XP
 D = Spawn monster count
 E = Non-spawn monster count
 F = Spawn count percentage of total count
 G = Total turns spent on level
                    A         B        C        D         E        F      G
               +---------+---------+-------+---------+---------+-------+---------
         Total |       0 |    5131 |   0.0 |       0 |     199 |   0.0 |  6871
               +---------+---------+-------+---------+---------+-------+---------
           D:1 |       0 |      42 |   0.0 |       0 |      17 |   0.0 |  1007
           D:2 |       0 |      82 |   0.0 |       0 |      26 |   0.0 |  1180
           D:3 |       0 |     403 |   0.0 |       0 |      40 |   0.0 |   872
           D:4 |       0 |     358 |   0.0 |       0 |      15 |   0.0 |   499
           D:5 |       0 |     588 |   0.0 |       0 |      23 |   0.0 |  1462
           D:6 |       0 |    1271 |   0.0 |       0 |      20 |   0.0 |   834
           D:7 |       0 |     361 |   0.0 |       0 |      14 |   0.0 |   433
           D:9 |       0 |    1823 |   0.0 |       0 |      25 |   0.0 |   282
         Sewer |       0 |     203 |   0.0 |       0 |      19 |   0.0 |   302
               +---------+---------+-------+---------+---------+-------+---------
